 Dungeon Crawl Stone Soup version 0.31-a0-437-g7cee417757 (webtiles) character file.

Game seed: 483804216240688282

2762 Ethylacetat the Changeling (level 9, -13/49 HPs)
             Began as a Vine Stalker Monk on Aug 2, 2023.
             Was an Initiate of Gozag.
             Mangled by a gargoyle
             ... wielding a +0 morningstar
              (19 damage)
             ... on level 7 of the Dungeon.
             The game lasted 00:21:12 (5288 turns).

Ethylacetat the Changeling (Vine Stalker Monk)      Turns: 5288, Time: 00:21:13

Health: -13/49     AC:  5    Str: 14    XL:     9   Next: 69%
Magic:  0/10       EV: 18    Int: 10    God:    Gozag
Gold:   1014       SH: 10    Dex: 21    Spells: 6/8 levels left

rFire   . .          .
                       - Unarmed
rCold   . . .        E - +0 buckler
rNeg    . . .        a - +0 robe
rPois   .            u - +1 helmet
rElec   .            v - +0 cloak
rCorr   .            (no gloves)
SInv    +            (no boots)
Will    +....        o - amulet of reflection
Stlth   ++           D - ring of see invisible
HPRegen 1.08/turn    n - +5 ring of evasion
MPRegen 0.12/turn

%: reflection, guardian spirit
@: studying Stealth
A: fangs 3, regeneration 1, magic shield, antimagic bite, no potion heal 2
a: Renounce Religion, Potion Petition, Call Merchant, Bribe Branch


You were on level 7 of the Dungeon.
You worshipped Gozag.
Gozag was most pleased with you.
You visited 2 branches of the dungeon, and saw 8 of its levels.

You collected 1014 gold pieces.

Inventory:

Missiles
 e - a curare-tipped dart
 j - 4 atropa-tipped darts
 C - 10 poisoned darts (quivered)
 F - a throwing net
Armour
 a - a +0 robe (worn)
 u - a +1 helmet (worn)
 v - a +0 cloak (worn)
 E - a +0 buckler (worn)
Jewellery
 c - a ring of protection from cold
 n - a +5 ring of evasion (right hand)
 o - an amulet of reflection (around neck)
 D - a ring of see invisible (left hand)
Talismans
 f - a maw talisman
 i - a granite talisman
Scrolls
 g - 2 scrolls of blinking {unknown}
 h - 2 scrolls of teleportation {unknown}
 k - 3 scrolls of fear {unknown}
 l - 2 scrolls of amnesia {unknown}
 m - 2 scrolls of noise {unknown}
 p - 4 scrolls of poison {unknown}
 q - 3 scrolls of torment {unknown}
 t - 4 scrolls of identify {unknown}
 x - 2 scrolls of summoning {unknown}
 y - a scroll of immolation {unknown}
 z - 2 scrolls of enchant armour {unknown}
 A - a scroll of vulnerability {unknown}
 B - a scroll of fog {unknown}
Potions
 b - a potion of ambrosia
 d - a potion of haste
 s - a potion of lignification
 w - 2 potions of brilliance


   Skills:
 + Level 6.5 Fighting
 - Level 2.6 Dodging
 + Level 7.2 Unarmed Combat
 * Level 7.5 Shapeshifting


You had 6 spell levels left.
You knew the following spells:

 Your Spells              Type           Power      Damage    Failure   Level
a - Wereblood             Tmut           0%         N/A       61%         2

Your spell library contained the following spells:

 Spells                   Type           Power      Damage    Failure   Level
 Shock                    Conj/Air       0%         1d3       45%         1
 Slow                     Hex            0%         N/A       45%         1
 Sting                    Tmut/Pois      0%         1d3       45%         1
 Ensorcelled Hibernation  Hex/Ice        0%         N/A       61%         2
 Passwall                 Tmut/Erth      0%         N/A       61%         2
 Poisonous Vapours        Pois/Air       0%         N/A       61%         2
 Confusing Touch          Hex            0%         N/A       83%         3
 Swiftness                Air            0%         N/A       83%         3
 Vampiric Draining        Necr           0%         2d6       83%         3
 Airstrike                Air            0%         2d(0-16)  99%         4
 Anguish                  Hex/Necr       0%         N/A       99%         4
 Cause Fear               Hex            0%         N/A       99%         4
 Olgreb's Toxic Radiance  Pois           0%         N/A       99%         4
 Irradiate                Conj/Tmut      0%         3d11      100%        5
 Enfeeble                 Hex            0%         N/A       100%        7


Dungeon Overview and Level Annotations

Branches:
Dungeon (7/15)             Temple (1/1) D:7

Altars:
Ashenzari
Cheibriados
Dithmenos
Elyvilon
Fedhas
Gozag
Hepliaklqana
Kikubaaqudgha
Makhleb
Okawaru
Qazlal
Ru
Trog
Uskayaw
Vehumet
Xom
Yredelemnul
Zin
The Shining One

Annotations:
D:2 1 runed translucent door, Crazy Yiuf


Innate Abilities, Weirdness & Mutations

You have razor-sharp teeth.
Your natural rate of healing is unusually fast.
When hurt, damage is shared between your health and your magic reserves.
Your bite disrupts and absorbs the magic of your enemies.
Potions cannot restore your health.


Message History

You block the gargoyle's attack.
You hit the gargoyle. You bite the gargoyle. You drain its power.
The gargoyle is heavily damaged.
The gargoyle barely misses you.
You hit the gargoyle. You bite the gargoyle. You drain its power.
The gargoyle is severely damaged.
The gargoyle hurls a stone arrow at you.
The stone arrow hits you!
You hit the gargoyle but do no damage.
You bite the gargoyle, but do no damage.
The gargoyle is severely damaged.
The gargoyle hurls a stone arrow at you.
The stone arrow hits you!!
You hit the gargoyle but do no damage.
You bite the gargoyle, but do no damage.
The gargoyle is severely damaged.
The gargoyle hurls a stone arrow at you.
The stone arrow hits you!!
* * * LOW HITPOINT WARNING * * *
Really quaff the potion of lignification?
Okay, then.
You hit the gargoyle but do no damage.
You bite the gargoyle, but do no damage.
The gargoyle is severely damaged.
The gargoyle hits you with a +0 morningstar.
* * * LOW HITPOINT WARNING * * *
You hit the gargoyle but do no damage.
You bite the gargoyle, but do no damage.
The gargoyle is severely damaged.
The gargoyle hurls a stone arrow at you.
The stone arrow misses you.
You hit the gargoyle but do no damage.
The gargoyle is severely damaged.
The gargoyle completely misses you.
You hit the gargoyle but do no damage.
You bite the gargoyle, but do no damage.
The gargoyle is severely damaged.
The gargoyle hits you with a +0 morningstar!!
You die...
Your body crumbles into a pile of gold.

#.#.# #####.##.# ..#.#
#.##.# ..#.# #.##.# ....#
###########..#.# #.###
###.........##.#.# #.#
#...#######....#.# ..#
##.###)###8###....#
..#####..#8##).'##$#....#
.....##.###'....@9###...#
.....##.#8#.......# #...#
..................+ #...#
.....#........8....##...#
.....##...........+##...#
.....##.#8#.......# .<.#
.....##.###+.....+###...#
.....##..# ##+.+## #....#
#.######.### ## ###....#


You could see a gargoyle.

Vanquished Creatures
  2 gargoyles
  A yak (D:6)
  A steam dragon (D:6)
  An ice beast (D:7)
  2 black bears
  3 ogres
  A centaur (D:7)
  A phantom (D:6)
  A kobold brigand (D:7)
  2 bullfrogs
  A scorpion (D:7)
  5 killer bees (D:7)
  A howler monkey (D:6)
  2 jellies
  An orc priest (D:7)
  2 hounds
  2 sleepcaps (D:6)
  A gnoll bouda (D:6)
  2 iguanas
  4 orc wizards
  7 gnolls
  4 adders
  2 shadow imps (D:6)
  2 ufetubi
  4 worms
  3 dart slugs
  18 orcs
  8 endoplasms
  3 giant cockroaches
  7 goblins
  12 hobgoblins
  5 jackals
  2 quokkas
  9 ball pythons
  6 bats
  3 frilled lizards
  10 kobolds
  6 rats
147 creatures vanquished.

Vanquished Creatures (collateral kills)
  Eustachio (D:5)
  A gnoll (D:4)
  A dart slug (D:4)
3 creatures vanquished.

Vanquished Creatures (others)
  An adder (D:5)
1 creature vanquished.

Grand Total: 151 creatures vanquished

Notes
Turn   | Place    | Note
-------+----------+-------------------------------------------
     0 | D:1      | Ethylacetat the Vine Stalker Monk began the quest for the
                  | Orb.
     0 | D:1      | Reached XP level 1. HP: 11/11 MP: 2/2
   174 | D:1      | Reached XP level 2. HP: 16/16 MP: 3/3
   263 | D:1      | Found a faded altar of an unknown god.
   788 | D:2      | Reached XP level 3. HP: 20/20 MP: 4/4
   866 | D:2      | Reached skill level 1 in Shapeshifting
   994 | D:2      | Gained mutation: Your natural rate of healing is unusually
                  | fast. [Vine Stalker growth]
   994 | D:2      | Reached XP level 4. HP: 22/24 MP: 5/5
  1112 | D:2      | Learned a level 2 spell: Wereblood
  1361 | D:2      | Found a runed translucent door.
  1362 | D:2      | Noticed Crazy Yiuf
  1879 | D:3      | Found a radiant altar of Vehumet.
  1882 | D:3      | Found a shadowy altar of Dithmenos.
  2198 | D:3      | Found a broken altar of Ashenzari.
  2498 | D:4      | Reached XP level 5. HP: 28/28 MP: 6/6
  2551 | D:4      | Found an opulent altar of Gozag.
  2559 | D:4      | Became a worshipper of Gozag Ym Sagoz the Greedy
  2835 | D:4      | Found a bloodstained altar of Trog.
  2858 | D:4      | Found a bloodstained altar of Trog.
  2858 | D:4      | Found a stormy altar of Qazlal.
  2860 | D:4      | Found a hide-covered altar of Uskayaw.
  2860 | D:4      | Found a shimmering altar of Xom.
  2860 | D:4      | Found a stormy altar of Qazlal.
  2984 | D:4      | Noticed a black bear
  3036 | D:4      | Killed a black bear
  3037 | D:4      | Reached XP level 6. HP: 32/33 MP: 7/7
  3279 | D:5      | Entered Level 5 of the Dungeon
  3284 | D:5      | Noticed Eustachio
  3305 | D:5      | Killed Eustachio
  3336 | D:5      | Reached XP level 7. HP: 37/37 MP: 8/8
  3342 | D:5      | Found a glowing golden altar of the Shining One.
  3723 | D:6      | Reached skill level 5 in Unarmed Combat
  3865 | D:6      | Noticed a gargoyle
  3877 | D:6      | Killed a gargoyle
  3878 | D:6      | Reached skill level 5 in Fighting
  3878 | D:6      | Reached skill level 5 in Shapeshifting
  3878 | D:6      | Gained mutation: You have razor-sharp teeth. [Vine Stalker
                  | growth]
  3878 | D:6      | Reached XP level 8. HP: 43/43 MP: 6/9
  3980 | D:6      | Noticed a yak
  4153 | D:6      | Killed a yak
  4180 | D:6      | Reached XP level 9. HP: 32/48 MP: 8/10
  4532 | D:7      | Found a staircase to the Ecumenical Temple.
  4566 | Temple   | Entered the Ecumenical Temple
  4896 | D:7      | Found a burning altar of Makhleb.
  5015 | D:7      | Identified the +4 dagger "Suank" {antimagic, Will+ Int+5
                  | Dex-2}
  5229 | D:7      | Noticed a gargoyle
  5244 | D:7      | Killed a gargoyle
  5277 | D:7      | Noticed a gargoyle
  5288 | D:7      | Mangled by a gargoyle

Illustrated notes

Levels and vault maps discovered:
D:1:      dpeg_arrival_concentric_ovals, layout_loops_cross,
          shapermc_ecumenical_altar_ellora
D:2:      layout_basic, uniq_crazy_yiuf_cottage
D:3:      layout_basic, ashenzari_conservatory_becter,
          mainiacjoe_overflow_catwalk_spiral
D:4:      layout_basic, grunt_gozag_statues, doesnt_xom_only_xom,
          serial_bayou_crossing
D:5:      layout_rooms, nicolae_overflow_hidden_temple,
          mainiacjoe_overflow_alcove_1, uniq_eustachio
D:6:      layout_rooms, chequers_avenue, minmay_manual_monolith
D:7:      cheibrodos_statue_roulette, layout_basic, amcnicky_altar_gilded,
          temple_fountains
Temple:   nicolae_temple_no_exploring_needed

Skill      XL: |  1  2  3  4  5  6  7  8  9 |
---------------+----------------------------+-----
Fighting       | 3 4 5 6 |  6.5
Shapeshifting  | 1 2 3 5 6 7 |  7.5
Unarmed Combat | 4 5 6 7 |  7.2
Dodging        | |  2.6

Action                     |  1- 3 |  4- 6 |  7- 9 || total
---------------------------+-------+-------+-------++-------
  Melee: Unarmed           |   100 |   135 |   242 ||   477
         Bite              |    36 |    54 |   104 ||   194
  Throw: Dart              |       |    11 |    13 ||    24
  Evoke: Wand              |       |     6 |     2 ||     8
    Use: Potion            |       |       |     8 ||     8
   Stab: Distracted        |       |       |     3 ||     3
         Sleeping          |       |       |     1 ||     1
 Armour: Robe              |    15 |    25 |    18 ||    58
         Skin              |       |       |    13 ||    13
  Dodge: Dodged            |    66 |   121 |   138 ||   325
  Block: Buckler           |       |       |    69 ||    69
         Reflection        |       |       |     2 ||     2

Table legend: (Time is in decaauts)
 A = Elapsed time spent in this place.
 B = Non-inter-level travel time spent in this place.
 C = Inter-level travel time spent in this place.
 D = Time resting spent in this place.
 E = Time spent auto-exploring this place.
 F = Levels seen in this place.
 G = Mean time per level.
                   A        B        C        D        E       F      G
               +--------+--------+--------+--------+--------+-----+--------+
         Total |   5232 |   4998 |    234 |     41 |   3729 |   8 |  654.0 |
       Dungeon |   5230 |   4996 |    234 |     41 |   3729 |   7 |  747.1 |
        Temple |      1 |      1 |      0 |      0 |      0 |   1 |    1.0 |
               +--------+--------+--------+--------+--------+-----+--------+

Top non-repeatable levels by time:
     D:3: 1077 daAuts
     D:7: 887 daAuts
     D:4: 812 daAuts
     D:1: 781 daAuts
     D:6: 680 daAuts
     D:2: 597 daAuts
     D:5: 394 daAuts
  Temple: 1 daAuts
